 Dungeon Crawl Stone Soup version 0.31-a0-1570-g93c622d222 (webtiles) character file.

Game seed: 6967257562536199501

25 pokeman the Magician (level 2, 0/16 HPs)
             Began as a Deep Elf Hedge Wizard on Jan 4, 2024.
             Slain by a ribbon worm (4 damage)
             ... on level 2 of the Dungeon.
             The game lasted 00:01:11 (940 turns).

pokeman the Magician (Deep Elf Hedge Wizard)         Turns: 940, Time: 00:01:12

Health: 0/16       AC:  3    Str: 13    XL:     2   Next: 86%
Magic:  4/10       EV: 12    Int: 18    God:
Gold:   74         SH:  0    Dex: 14    Spells: 10/11 levels left

rFire   . . .        a - +0 dagger
rCold   . . .        (no shield)
rNeg    . . .        b - +0 robe
rPois   .            c - +0 hat
rElec   .            (no cloak)
rCorr   .            f - +0 pair of gloves
SInv    .            (no boots)
Will    .....        (no amulet)
Stlth   ++           k - +6 ring of strength
HPRegen 0.22/turn    m - +4 ring of slaying
MPRegen 0.12/turn

%: no passive effects
@: no status effects
A: no striking features
a: no special abilities


You were on level 2 of the Dungeon.
You visited 1 branch of the dungeon, and saw 2 of its levels.

You collected 74 gold pieces.

Inventory:

Hand Weapons
 a - a +0 dagger (weapon)
Armour
 b - a +0 robe (worn)
 c - a +0 hat (worn)
 f - a +0 pair of gloves (worn)
Magical Staves
 g - a staff of conjuration
Jewellery
 k - a +6 ring of strength (left hand)
 m - a +4 ring of slaying (right hand)
Scrolls
 h - 2 scrolls of immolation {unknown}
 i - a scroll of noise {unknown}
 j - 2 scrolls of teleportation {unknown}
Potions
 d - a potion of magic
 e - a potion of mutation {unknown}
 l - a potion of might {unknown}


   Skills:
 + Level 0.7 Fighting
 + Level 0.6 Armour
 - Level 2.4 Dodging
 - Level 2.4 Stealth
 * Level 5.0 Spellcasting
 + Level 1.6 Conjurations
 - Level 1.1 Summonings
 - Level 1.1 Translocations


You had 10 spell levels left.
You knew the following spells:

 Your Spells              Type           Power      Damage    Failure   Level
a - Magic Dart            Conj           40%        1d5       7%          1

Your spell library contained the following spells:

 Spells                   Type           Power      Damage    Failure   Level
 Slow                     Hex            16%        N/A       13%         1
 Blink                    Tloc           16%        N/A       13%         2
 Call Imp                 Summ           16%        N/A       13%         2
 Cigotuvi's Dreadful Rot  Necr/Alch/Air  8%         N/A       21%         2
 Mephitic Cloud           Conj/Alch/Air  6%         N/A       32%         3


Dungeon Overview and Level Annotations

Branches:
Dungeon (2/15)

Altars:


Message History

Aiming: Magic Dart (safe; 8% risk of failure)
Press: ? - help, Shift-Dir - straight line, f/p - adder
Aim: an adder (almost dead, 100% to hit)
The magic dart hits the adder but does no damage.
The adder is almost dead.
The adder bites you but does no damage.
Unknown command.
You hit the adder.
You kill the adder!
Your Spellcasting skill increases to level 5!
You hit the ribbon worm.
The ribbon worm is lightly wounded.
The ribbon worm misses you.
You barely miss the ribbon worm.
The ribbon worm is lightly wounded.
You hit the ribbon worm.
The ribbon worm is moderately wounded.
The ribbon worm expels a string of sticky webbing.
The stream of webbing hits you but does no damage.
You are caught in a web!
The web tears apart.
The ribbon worm bites you.
You hit the ribbon worm.
The ribbon worm is moderately wounded.
The ribbon worm bites you.
You hit the ribbon worm but do no damage.
The ribbon worm is moderately wounded.
The ribbon worm barely misses you.
You hit the ribbon worm.
The ribbon worm is heavily wounded.
You barely miss the ribbon worm.
The ribbon worm is heavily wounded.
The ribbon worm bites you but does no damage.
You barely miss the ribbon worm.
The ribbon worm is moderately wounded.
The ribbon worm bites you.
* * * LOW HITPOINT WARNING * * *
You hit the ribbon worm.
The ribbon worm is heavily wounded.
The ribbon worm bites you.
You die...

##############
#>..†.....@w.#
#.##########......
##.######## .....
#.......... ###.
#..######## #..#
#..# #..# #..#


You could see a ribbon worm.

Vanquished Creatures
  An adder (D:2)
  A dart slug (D:1)
  2 ball pythons (D:1)
  An endoplasm (D:1)
  A giant cockroach (D:1)
  A goblin (D:1)
  3 hobgoblins (D:1)
  A quokka (D:1)
  A frilled lizard (D:1)
  A rat (D:2)
13 creatures vanquished.

Notes
Turn   | Place    | Note
-------+----------+-------------------------------------------
     0 | D:1      | pokeman the Deep Elf Hedge Wizard began the quest for the
                  | Orb.
     0 | D:1      | Reached XP level 1. HP: 10/10 MP: 7/7
   273 | D:1      | Reached XP level 2. HP: 16/16 MP: 5/9
   931 | D:2      | Reached skill level 5 in Spellcasting
   940 | D:2      | Slain by a ribbon worm

Illustrated notes

Levels and vault maps discovered:
D:1:      orjb1_clovarrival, layout_basic
D:2:      layout_loops_ring, chequers_big_river, eino_tiny_chamber

Skill      XL: |  1  2 |
---------------+-------+-----
Spellcasting   | 5 |  5.0
Fighting       | |  0.7
Armour         | |  0.6
Dodging        | |  2.4
Stealth        | |  2.4
Conjurations   | |  1.6
Summonings     | |  1.1
Translocations | |  1.1

Action                     || total
---------------------------++-------
  Melee: Dagger            ||    10
   Cast: Magic Dart        ||    52
 Armour: Robe              ||    11
  Dodge: Dodged            ||    10

Table legend: (Time is in decaauts)
 A = Elapsed time spent in this place.
 B = Non-inter-level travel time spent in this place.
 C = Inter-level travel time spent in this place.
 D = Time resting spent in this place.
 E = Time spent auto-exploring this place.
 F = Levels seen in this place.
 G = Mean time per level.
                   A        B        C        D        E       F      G
               +--------+--------+--------+--------+--------+-----+--------+
         Total |    953 |    944 |      9 |      0 |    831 |   2 |  476.5 |
       Dungeon |    953 |    944 |      9 |      0 |    831 |   2 |  476.5 |
               +--------+--------+--------+--------+--------+-----+--------+

Top non-repeatable levels by time:
     D:1: 890 daAuts
     D:2: 63 daAuts
